TOP OF THE 1ST |
Beloit Snappers batting - Pitching for Hickory Crawdads : RHP Erik Sever
|
Pitching: RHP Erik Sever
|
|
Batting: RHB Chris Bohm
|
0-0: Ball 1-0: Swinging Strike 1-1: Fly out, F7 (Flyball, 7, EV 90.6 MPH)
|
Batting: LHB Jeremy Brammer
|
0-0: Swinging Strike 0-1: Called Strike 0-2: Strikes out swinging, 2-3 out at first.
|
Batting: RHB Shannon Beck
|
0-0: Ball 1-0: Foul Ball, location: 2F 1-1: Ball 2-1: Foul Ball, location: 2F 2-2: Strikes out swinging
|
Top of the 1st over - 0 runs, 0 hits, 0 errors, 0 left on base; Beloit 0 - Hickory 0 |
BOTTOM OF THE 1ST |
Hickory Crawdads batting - Pitching for Beloit Snappers : RHP Ricky Lopez
|
Pitching: RHP Ricky Lopez
|
|
Batting: RHB Aaron Moore
|
0-0: Fly out, F7 (Flyball, 7LS, EV 88.1 MPH)
|
Batting: SHB Quido van Erp
|
0-0: Ball 1-0: Foul Ball, location: 2F 1-1: Ball 2-1: Ball 3-1: Foul Ball, location: 2F 3-2: Ground out 4-3 (Groundball, 4D, EV 102.5 MPH)
|
Batting: RHB Dermott Neill
|
0-0: Foul Ball, location: 2F 0-1: Ball 1-1: Foul Ball, location: 2F 1-2: Foul Ball, location: 2F 1-2: Ball 2-2: Ball 3-2: Ground out 5-3 (Groundball, 56S, EV 61.9 MPH)
|
Bottom of the 1st over - 0 runs, 0 hits, 0 errors, 0 left on base; Beloit 0 - Hickory 0 |
TOP OF THE 2ND |
Beloit Snappers batting - Pitching for Hickory Crawdads : RHP Erik Sever
|
Batting: LHB Felipe Gomez
|
0-0: Called Strike 0-1: Ball 1-1: Fly out, F8 (Flyball, 8LXD, EV 84.4 MPH)
|
Batting: LHB Robert Wilkins
|
0-0: Called Strike 0-1: Ground out 4-3 (Groundball, 4MS, EV 65.6 MPH)
|
Batting: RHB Emiel Schlepers
|
0-0: Ball 1-0: Ball 2-0: Called Strike 2-1: Foul Ball, location: 2F 2-2: Foul Ball, location: 2F 2-2: Ball 3-2: Base on Balls
|
Batting: RHB Don Burt
|
0-0: Called Strike 0-1: Ball 1-1: Called Strike 1-2: Ball 2-2: Strikes out swinging
|
Top of the 2nd over - 0 runs, 0 hits, 0 errors, 1 left on base; Beloit 0 - Hickory 0 |
BOTTOM OF THE 2ND |
Hickory Crawdads batting - Pitching for Beloit Snappers : RHP Ricky Lopez
|
Batting: SHB Todd Hewitt
|
0-0: Called Strike 0-1: Ball 1-1: SINGLE (Groundball, 6D, EV 102.5 MPH)
|
Batting: RHB Jarrod Joyce
|
0-0: Swinging Strike 0-1: Foul Ball, location: 2F 0-2: Ball 1-2: Ball 2-2: Strikes out swinging
|
Batting: LHB Lee Gerken
|
0-0: Called Strike 0-1: Foul Ball, location: 2F 0-2: Foul Ball, location: 2F 0-2: Ball 1-2: Foul Ball, location: 2F 1-2: Strikes out swinging
|
Batting: RHB Salvador Caldera
|
0-0: Called Strike Todd Hewitt steals 2nd base 0-1: Ball 1-1: Ball 2-1: Fly out, F8 (Flyball, 8LS, EV 81.2 MPH)
|
Bottom of the 2nd over - 0 runs, 1 hit, 0 errors, 1 left on base; Beloit 0 - Hickory 0 |
TOP OF THE 3RD |
Beloit Snappers batting - Pitching for Hickory Crawdads : RHP Erik Sever
|
Batting: RHB Clay Statum
|
0-0: Ball 1-0: Ball 2-0: Foul Ball, location: 2F 2-1: Swinging Strike 2-2: Foul Ball, location: 2F 2-2: Foul Ball, location: 2F 2-2: Strikes out looking
|
Batting: RHB Josh Lykins
|
0-0: Ground out 5-3 (Groundball, 56S, EV 89.4 MPH)
|
Batting: RHB Chris Bohm
|
0-0: Ball 1-0: Ground out 5-3 (Groundball, 56S, EV 66.9 MPH)
|
Top of the 3rd over - 0 runs, 0 hits, 0 errors, 0 left on base; Beloit 0 - Hickory 0 |
BOTTOM OF THE 3RD |
Hickory Crawdads batting - Pitching for Beloit Snappers : RHP Ricky Lopez
|
Batting: RHB Zach Thomason
|
0-0: Called Strike 0-1: Ball 1-1: Foul Ball, location: 2F 1-2: Strikes out swinging
|
Batting: RHB Dave Brabo
|
0-0: Called Strike 0-1: Ground out 5-3 (Groundball, 56, EV 101.2 MPH)
|
Batting: RHB Aaron Moore
|
0-0: Called Strike 0-1: Ball 1-1: Ball 2-1: Ball 3-1: Foul Ball, location: 2F 3-2: Foul Ball, location: 2F 3-2: Fly out, F8 (Flyball, 78M, EV 90.0 MPH)
|
Bottom of the 3rd over - 0 runs, 0 hits, 0 errors, 0 left on base; Beloit 0 - Hickory 0 |
TOP OF THE 4TH |
Beloit Snappers batting - Pitching for Hickory Crawdads : RHP Erik Sever
|
Batting: LHB Jeremy Brammer
|
0-0: Called Strike 0-1: Ball 1-1: Foul Ball, location: 2F 1-2: Ball 2-2: Strikes out swinging
|
Batting: RHB Shannon Beck
|
0-0: Ball 1-0: Swinging Strike 1-1: Called Strike 1-2: Foul Ball, location: 2F 1-2: SINGLE (Groundball, 56D, EV 95.6 MPH)
|
Batting: LHB Felipe Gomez
|
0-0: Ball 1-0: Foul Ball, location: 2F 1-1: Called Strike 1-2: Ball 2-2: Foul Ball, location: 2F 2-2: Foul Ball, location: 2F 2-2: DOUBLE (Flyball, 78XD, EV 107.5 MPH) Shannon Beck to third
|
Batting: LHB Robert Wilkins
|
0-0: Ball 1-0: Foul Ball, location: 2F 1-1: Ball 2-1: Swinging Strike 2-2: Foul Ball, location: 2F 2-2: DOUBLE (Line Drive, 78M, EV 103.8 MPH) Shannon Beck scores Felipe Gomez scores
|
Batting: RHB Emiel Schlepers
|
0-0: Ball 1-0: Ball 2-0: Ball 3-0: Foul Ball, location: 2F 3-1: Base on Balls
|
Batting: RHB Don Burt
|
0-0: Foul Ball, location: 2F 0-1: SINGLE (Groundball, 4D, EV 100.6 MPH) Robert Wilkins to third Emiel Schlepers to second Runner from 3rd tries for Home, throw by CF and OUT! 8-2
|
Batting: RHB Clay Statum
|
0-0: Swinging Strike 0-1: Foul Ball, location: 2F 0-2: Strikes out looking
|
Top of the 4th over - 2 runs, 4 hits, 0 errors, 2 left on base; Beloit 2 - Hickory 0 |
BOTTOM OF THE 4TH |
Hickory Crawdads batting - Pitching for Beloit Snappers : RHP Ricky Lopez
|
Batting: SHB Quido van Erp
|
0-0: Called Strike 0-1: Ball 1-1: Foul Ball, location: 2F 1-2: Ball 2-2: Foul Ball, location: 2F 2-2: Fly out, F9 (Flyball, 9D, EV 92.5 MPH)
|
Batting: RHB Dermott Neill
|
0-0: Ball 1-0: Called Strike 1-1: Ball 2-1: Ground out 5-3 (Groundball, 5L, EV 90.0 MPH)
|
Batting: SHB Todd Hewitt
|
0-0: Ball 1-0: Ground out 4-3 (Groundball, 4, EV 90.0 MPH)
|
Bottom of the 4th over - 0 runs, 0 hits, 0 errors, 0 left on base; Beloit 2 - Hickory 0 |
TOP OF THE 5TH |
Beloit Snappers batting - Pitching for Hickory Crawdads : RHP Erik Sever
|
Batting: RHB Josh Lykins
|
0-0: Called Strike 0-1: Ball 1-1: Foul Ball, location: 2F 1-2: Strikes out looking
|
Batting: RHB Chris Bohm
|
0-0: Ball 1-0: Foul Ball, location: 2F 1-1: Called Strike 1-2: Ball 2-2: Fly out, F6 (Flyball, 56D, EV 87.5 MPH)
|
Batting: LHB Jeremy Brammer
|
0-0: Foul Ball, location: 2F 0-1: Fly out, F6 (Flyball, 56D, EV 88.1 MPH)
|
Top of the 5th over - 0 runs, 0 hits, 0 errors, 0 left on base; Beloit 2 - Hickory 0 |
BOTTOM OF THE 5TH |
Hickory Crawdads batting - Pitching for Beloit Snappers : RHP Ricky Lopez
|
Batting: RHB Jarrod Joyce
|
0-0: Called Strike 0-1: Foul Ball, location: 2F 0-2: Ball 1-2: SINGLE (Groundball, 6MD, EV 96.2 MPH)
|
Batting: LHB Lee Gerken
|
0-0: Ball 1-0: Ball 2-0: Ball 3-0: Called Strike 3-1: Called Strike 3-2: 2-RUN HOME RUN (Flyball, 89XD, EV 115.0 MPH), Distance : 446 ft
|
Batting: RHB Salvador Caldera
|
0-0: SINGLE (Groundball, 6MD, EV 96.2 MPH)
|
Batting: RHB Zach Thomason
|
0-0: Ball Salvador Caldera is caught stealing 2nd base 2-4 1-0: Foul Ball, location: 2F 1-1: DOUBLE (Line Drive, 78D, EV 108.8 MPH)
|
Batting: RHB Dave Brabo
|
0-0: Ball 1-0: Called Strike 1-1: Ball 2-1: Ball 3-1: Ground out U3 (Groundball, 3S, EV 90.0 MPH) Zach Thomason to third
|
Batting: RHB Aaron Moore
|
0-0: Ground out 6-3 (Groundball, 6S, EV 64.4 MPH)
|
Bottom of the 5th over - 2 runs, 4 hits, 0 errors, 1 left on base; Beloit 2 - Hickory 2 |
TOP OF THE 6TH |
Beloit Snappers batting - Pitching for Hickory Crawdads : RHP Erik Sever
|
Batting: RHB Shannon Beck
|
0-0: Ball 1-0: Ball 2-0: Ball 3-0: Called Strike 3-1: Foul Ball, location: 2F 3-2: Foul Ball, location: 2F 3-2: Hit by Pitch
|
Batting: LHB Felipe Gomez
|
0-0: Called Strike 0-1: Ball 1-1: Foul Ball, location: 2F 1-2: Ball 2-2: Ball 3-2: Foul Ball, location: 2F 3-2: Base on Balls Shannon Beck to second
|
Batting: LHB Robert Wilkins
|
0-0: Swinging Strike 0-1: Foul Ball, location: 2F 0-2: Grounds into double play, 6-4-3 (Groundball, 6, EV 81.2 MPH) Shannon Beck to third
|
Batting: RHB Emiel Schlepers
|
0-0: Ball 1-0: Foul Ball, location: 2F 1-1: Swinging Strike 1-2: Strikes out swinging
|
Top of the 6th over - 0 runs, 0 hits, 0 errors, 1 left on base; Beloit 2 - Hickory 2 |
BOTTOM OF THE 6TH |
Hickory Crawdads batting - Pitching for Beloit Snappers : RHP Ricky Lopez
|
Batting: SHB Quido van Erp
|
0-0: Ball 1-0: Foul Ball, location: 2F 1-1: Foul Ball, location: 2F 1-2: Foul Ball, location: 2F 1-2: Foul Ball, location: 2F 1-2: Foul Ball, location: 2F 1-2: Ball 2-2: Ground out 6-3 (Groundball, 6, EV 110.6 MPH)
|
Pitching: LHP Alex Villagran
|
|
Batting: RHB Dermott Neill
|
0-0: Ball 1-0: Ball 2-0: Ball 3-0: Called Strike 3-1: Ground out 6-3 (Groundball, 6, EV 101.9 MPH)
|
Batting: SHB Todd Hewitt
|
0-0: Ball 1-0: Ball 2-0: Swinging Strike 2-1: Ground out 6-3 (Groundball, 6, EV 80.6 MPH)
|
Bottom of the 6th over - 0 runs, 0 hits, 0 errors, 0 left on base; Beloit 2 - Hickory 2 |
TOP OF THE 7TH |
Beloit Snappers batting - Pitching for Hickory Crawdads : RHP Erik Sever
|
Batting: RHB Don Burt
|
0-0: Called Strike 0-1: Ball 1-1: Foul Ball, location: 2F 1-2: Ball 2-2: SINGLE (Groundball, 6MD, EV 103.8 MPH)
|
Batting: RHB Clay Statum
|
0-0: Ball 1-0: Ball 2-0: Swinging Strike 2-1: Ball 3-1: Foul Ball, location: 2F 3-2: Strikes out swinging
|
Batting: RHB Josh Lykins
|
0-0: Called Strike 0-1: Ball 1-1: TRIPLE (Line Drive, 78XD, EV 111.2 MPH) Don Burt scores
|
Batting: RHB Chris Bohm
|
0-0: Foul Ball, location: 2F 0-1: Ball 1-1: TRIPLE (Flyball, 5D, EV 93.1 MPH) Josh Lykins scores
|
Batting: LHB Jeremy Brammer
|
0-0: Ball Passed Ball! Chris Bohm scores 1-0: Called Strike 1-1: Ground out 5-3 (Groundball, 56S, EV 79.4 MPH)
|
Batting: RHB Shannon Beck
|
0-0: Ball 1-0: Called Strike 1-1: Swinging Strike 1-2: Foul Ball, location: 2F 1-2: Strikes out looking
|
Top of the 7th over - 3 runs, 3 hits, 0 errors, 0 left on base; Beloit 5 - Hickory 2 |
BOTTOM OF THE 7TH |
Hickory Crawdads batting - Pitching for Beloit Snappers : LHP Alex Villagran
|
Batting: RHB Jarrod Joyce
|
0-0: Swinging Strike 0-1: Fly out, F9 (Flyball, 9LM, EV 86.2 MPH)
|
Pinch Hitting: RHB Matthew Starr
|
0-0: Called Strike 0-1: Foul Ball, location: 2F 0-2: Foul Ball, location: 2F 0-2: Ball 1-2: Ball 2-2: Foul Ball, location: 2F 2-2: Fly out, F8 (Flyball, 78S, EV 85.6 MPH)
|
Batting: RHB Salvador Caldera
|
0-0: Foul Ball, location: 2F 0-1: Swinging Strike 0-2: Foul Ball, location: 2F 0-2: Strikes out swinging
|
Bottom of the 7th over - 0 runs, 0 hits, 0 errors, 0 left on base; Beloit 5 - Hickory 2 |
TOP OF THE 8TH |
Beloit Snappers batting - Pitching for Hickory Crawdads : RHP Erik Sever
|
Pitching: RHP Matt Sigurdson
|
|
Now at 1B: Victor Moya
|
|
Batting: LHB Felipe Gomez
|
0-0: Ball 1-0: Called Strike 1-1: Ball 2-1: Ball 3-1: Base on Balls
|
Batting: LHB Robert Wilkins
|
0-0: Ball 1-0: Swinging Strike 1-1: Ball 2-1: Foul Ball, location: 2F 2-2: Foul Ball, location: 2F 2-2: Ball 3-2: Strikes out swinging
|
Batting: RHB Emiel Schlepers
|
0-0: Swinging Strike 0-1: Called Strike Felipe Gomez is caught stealing 2nd base 2-4 0-2: Ground out 6-3 (Groundball, 6M, EV 103.1 MPH)
|
Top of the 8th over - 0 runs, 0 hits, 0 errors, 0 left on base; Beloit 5 - Hickory 2 |
BOTTOM OF THE 8TH |
Hickory Crawdads batting - Pitching for Beloit Snappers : LHP Alex Villagran
|
Batting: RHB Zach Thomason
|
0-0: Called Strike 0-1: Ball 1-1: Ground out 6-3 (Groundball, 6, EV 83.8 MPH)
|
Batting: RHB Dave Brabo
|
0-0: Ball 1-0: Swinging Strike 1-1: Ball 2-1: Ball 3-1: Called Strike 3-2: SINGLE (Line Drive, 89S, EV 90.0 MPH)
|
Batting: RHB Aaron Moore
|
0-0: Called Strike 0-1: Foul Ball, location: 2F 0-2: Foul Ball, location: 2F 0-2: Strikes out swinging
|
Batting: SHB Quido van Erp
|
0-0: Foul Ball, location: 2F 0-1: Ball 1-1: Swinging Strike 1-2: Ground out 5-3 (Groundball, 56S, EV 80.0 MPH)
|
Bottom of the 8th over - 0 runs, 1 hit, 0 errors, 1 left on base; Beloit 5 - Hickory 2 |
TOP OF THE 9TH |
Beloit Snappers batting - Pitching for Hickory Crawdads : RHP Matt Sigurdson
|
Pitching: RHP Johnny Munoz
|
|
Batting: RHB Don Burt
|
0-0: Ball 1-0: Called Strike 1-1: Ball 2-1: Swinging Strike 2-2: Ball 3-2: Base on Balls
|
Batting: RHB Clay Statum
|
0-0: Called Strike Don Burt steals 2nd, throwing error, E2 Don Burt to third 0-1: Ball 1-1: Swinging Strike 1-2: Foul Ball, location: 2F 1-2: Strikes out looking
|
Batting: RHB Josh Lykins
|
0-0: Ball 1-0: Ball 2-0: Ball 3-0: Base on Balls
|
Batting: RHB Chris Bohm
|
0-0: Called Strike 0-1: Foul Ball, location: 2F 0-2: Fly out, F7 (Line Drive, 7, EV 96.9 MPH) Runner from 3rd tags up, OUT at HOME! 7-2
|
Top of the 9th over - 0 runs, 0 hits, 1 error, 1 left on base; Beloit 5 - Hickory 2 |
BOTTOM OF THE 9TH |
Hickory Crawdads batting - Pitching for Beloit Snappers : LHP Alex Villagran
|
Pitching: RHP Tony Contreras
|
|
Now at 1B: Ivan Barry
|
|
Batting: RHB Dermott Neill
|
0-0: Swinging Strike 0-1: Ball 1-1: Ball 2-1: Ball 3-1: SINGLE (Line Drive, 7S, EV 97.5 MPH)
|
Batting: SHB Todd Hewitt
|
0-0: Foul Ball, location: 2F 0-1: Swinging Strike 0-2: Reached on error, E5 (Groundball, 56S, EV 82.5 MPH) Dermott Neill to second
|
Pinch Hitting: LHB Tim Olsen
|
0-0: Ball 1-0: Fly out, F7 (Flyball, 7D, EV 97.5 MPH) Runner from 2nd tags up, SAFE at 3rd, no throw by LF
|
Pinch Hitting: LHB Brian Gray
|
0-0: Swinging Strike 0-1: Ball 1-1: Ball 2-1: Swinging Strike 2-2: Foul Ball, location: 2F 2-2: Strikes out looking
|
Batting: RHB Salvador Caldera
|
0-0: Swinging Strike 0-1: Swinging Strike 0-2: Strikes out looking
|
Bottom of the 9th over - 0 runs, 1 hit, 1 error, 2 left on base; Beloit 5 - Hickory 2 |
|